 Dungeon Crawl Stone Soup version 0.18.1-50-g88ac8fd (console) character file.

130386 Kloppie the Bludgeoner (level 17, -16/113 HPs)
             Began as a Gargoyle Fighter on Oct 23, 2016.
             Was the Champion of Makhleb.
             Demolished by a kraken (23 damage)
             ... on level 1 of the Shoals.
             The game lasted 01:05:36 (28806 turns).

Kloppie the Bludgeoner (Gargoyle Fighter)          Turns: 28806, Time: 01:05:36

Health: -16/113    AC: 46    Str: 21    XL:     17   Next: 7%
Magic:  0/21       EV:  7    Int: 13    God:    Makhleb [******]
Gold:   3002       SH: 14    Dex: 14    Spells: 0 memorised, 16 levels left

rFire  . . .     SeeInvis .     a - +5 eveningstar (holy)
rCold  + . .     Gourm    .     z - +2 plate armour {rC+}
rNeg   + . .     Faith    .     c - +0 shield
rPois  ∞         Spirit   +     v - +2 helmet {Int+3}
rElec  +         Dismiss  .     e - +2 cloak
rCorr  +         Reflect  .     k - +2 pair of gloves
SustAt .         Harm     .     u - +2 pair of boots
MR     ++...                    H - amulet of guardian spirit
Stlth  ..........               A - ring of resist corrosion
                                q - ring of protection from magic

@: flying, very resistant to hostile enchantments, extremely unstealthy
A: big wings, negative energy resistance 1, electricity resistance, unbreathing,
petrification resistance, rot immunity, AC +12
a: Stop Flying, Minor Destruction, Lesser Servant of Makhleb, Major Destruction,
Greater Servant of Makhleb, Renounce Religion


You were on level 1 of the Shoals.
You worshipped Makhleb.
Makhleb was exalted by your worship.
You were not hungry.

You visited 6 branches of the dungeon, and saw 29 of its levels.
You also visited: Bailey.

You collected 3275 gold pieces.
You spent 273 gold pieces at shops.

Inventory:

Hand Weapons
 a - a +5 eveningstar of holy wrath (weapon)
 b - a +1 morningstar
Armour
 c - a +0 shield (worn)
 e - a +2 cloak (worn)
 k - a +2 pair of gloves (worn)
 u - a +2 pair of boots (worn)
 v - a +2 helmet of intelligence (worn)
 z - a +2 plate armour of cold resistance (worn)
Jewellery
 d - an uncursed ring of protection from fire
 o - an uncursed ring of positive energy
 q - a ring of protection from magic (left hand)
 A - a ring of resist corrosion (right hand)
 B - an uncursed ring of positive energy
 D - an uncursed amulet of the gourmand
 H - an amulet of guardian spirit (around neck)
Wands
 w - a wand of teleportation (2/9)
 y - a wand of teleportation (4/9)
 E - a wand of disintegration (12/24)
 S - a wand of heal wounds (3/9)
Scrolls
 h - 2 scrolls of blinking
 l - 3 scrolls of fear
 n - 9 scrolls of remove curse
 p - a scroll of summoning
 s - 8 scrolls of teleportation
 x - a scroll of magic mapping
 C - 3 scrolls of fog
 I - 13 scrolls of identify
Potions
 m - 4 potions of flight
 t - 3 potions of haste
 F - a potion of cancellation
 G - a potion of might
 J - 7 potions of curing
Comestibles
 f - 17 bread rations
 g - 7 meat rations
 i - 9 royal jellies
 j - 2 chunks of flesh
 r - 10 beef jerkies
 K - 9 fruits
 L - 6 slices of pizza


   Skills:
 + Level 15.3 Fighting
 - Level 16.1 Maces & Flails
 + Level 14.9 Armour
 - Level 15.0 Shields
 - Level 5.6 Invocations
 - Level 5.9 Evocations


You had 16 spell levels left.
You didn't know any spells.

Dungeon Overview and Level Annotations

Branches:
Dungeon (15/15)            Temple (1/1) D:6            Lair (8/8) D:9
 Shoals (1/4) Lair:4       Spider (2/4) Lair:5        Slime (0/6) Lair:8
    Orc (2/2) D:12            Elf (0/3) Orc:2        Vaults (0/5) D:14
 Depths (0/5) D:15

Altars:
Ashenzari
Cheibriados
Dithmenos
Elyvilon
Fedhas
Gozag
Kikubaaqudgha
Makhleb
Nemelex Xobeh
Okawaru
Pakellas
Qazlal
Ru
Sif Muna
Trog
Vehumet
Xom
Yredelemnul
Zin
The Shining One
Beogh

Shops:
D:4 ?   D:5 *   Orc:2 ::?[   Shoals:1 [

Annotations:
D:15 exclusion: Roxanne, Roxanne


Innate Abilities, Weirdness & Mutations

You are resistant to torment.
Your stone body is resilient (AC +12).
You are immune to poison.
Your large and strong wings let you fly indefinitely.
You resist negative energy.
You are resistant to electric shocks.
You can survive without breathing.
You are immune to petrification.
You are immune to rotting.


Message History

The tentacle slaps you but does no damage.
The kraken bites you!!
* * * LOW HITPOINT WARNING * * *
The tentacle slaps you but does no damage.
You puncture the kraken!
The kraken is heavily wounded.
The tentacle slaps you but does no damage.
The tentacle slaps you.
* * * LOW HITPOINT WARNING * * *
The tentacle slaps you!
* * * LOW HITPOINT WARNING * * *
The tentacle barely misses you. The kraken bites you!
* * * LOW HITPOINT WARNING * * *
You impale the kraken!!
The kraken is severely wounded.
The tentacle slaps you but does no damage.
You block the tentacle's attack.
The tentacle slaps you but does no damage.
You block the tentacle's attack. The kraken bites you!!
You die...

################
#≈≈≈≈≈≈≈≈≈≈≈≈≈≈≈≈≈≈≈≈
#≈≈≈≈≈≈≈≈≈≈≈≈≈≈≈≈≈≈≈≈
#≈≈≈≈≈≈≈≈≈≈≈≈≈≈≈≈≈≈≈≈
#≈≈≈≈≈≈≈≈≈≈≈≈≈≈≈≈≈≈≈≈
#≈≈≈≈≈≈≈≈≈≈≈≈ww≈≈≈≈≈≈
#≈≈≈≈≈≈≈≈≈≈≈≈@X≈≈≈≈≈≈
#≈≈≈≈≈≈≈≈≈≈≈w≈w≈≈≈≈≈≈
#≈≈≈≈≈≈≈≈≈≈≈≈≈≈≈≈≈≈≈≈≈≈≈
#≈≈≈≈≈≈≈≈≈≈≈≈≈≈≈≈≈≈≈≈≈≈≈≈
#≈≈≈≈≈≈≈≈≈≈≈≈≈≈≈≈≈≈≈≈≈≈≈≈≈
#≈≈≈≈≈≈≈≈≈≈≈≈≈≈≈≈≈≈≈≈≈≈..≈....
#≈≈≈≈≈≈≈≈≈≈≈≈≈≈≈≈≈≈P≈≈≈≈......
#≈≈≈≈≈≈≈≈≈≈≈≈≈PP≈≈P≈≈≈≈≈......
#≈≈≈≈≈≈≈≈≈≈≈≈≈P≈P≈P≈≈≈≈≈≈≈≈...


You could see a kraken and 4 tentacles.

Vanquished Creatures
  The ghost of Ge0ff the Brawler, an adept TrMo of Elyvilon (Spider:2)
  Rupert (Lair:8)
  A kraken (Shoals:1)
  A ghost moth (Spider:1)
  An emperor scorpion (Lair:5)
  Nessos (D:12)
  2 ettins
  The ghost of Dioneo the Schismatic, a journeyman HuAK of Lugonu (Lair:3)
  A yaktaur captain (D:15)
  Snorg (Lair:4)
  2 vault guards (D:14)
  Erolcha (Orc:2)
  An entropy weaver (Spider:2)
  A rakshasa (D:15)
  5 hydras
  A merfolk avatar (Shoals:1)
  3 catoblepae
  2 ogre magi
  7 centaur warriors
  A death knight (D:13)
  A tengu warrior (D:14)
  7 death yaks
  A deep troll shaman (Lair:8)
  Urug (Orc:1)
  A fire crab (D:15)
  A skeletal warrior (D:13)
  3 unseen horrors
  The ghost of Timinator the Destroyer, a novice GrCj (Bailey)
  2 sea snakes (Shoals:1)
  4 lindwurms (Lair:7)
  10 orc knights
  6 hill giants
  14 ugly things
  2 deep elf magi
  6 harpies
  6 orb spiders
  2 griffons
  10 wolf spiders
  10 orc sorcerers
  An oklob plant (Lair:8)
  3 manticores
  7 cyclopes
  4 hornets
  12 elephants
  A black mamba (Lair:1)
  2 sirens (Shoals:1)
  A torpor snail (Spider:1)
  9 spiny frogs
  An ice statue (Shoals:1)
  A gargoyle (D:15)
  2 yaktaurs
  A rime drake (shapeshifter) (D:14)
  3 rime drakes
  8 komodo dragons
  A centaur skeleton (D:14)
  An efreet (D:12)
  3 kobold demonologists
  6 demonic crawlers
  2 tengu conjurers (D:14)
  8 trolls
  A queen bee (Spider:2)
  A polar bear (Lair:8)
  A merfolk (Shoals:1)
  3 snapping turtles (Shoals:1)
  7 blink frogs (Lair:5)
  3 jumping spiders
  4 two-headed ogres
  A slime creature (Lair:8)
  A boulder beetle (Lair:7)
  12 tarantellas
  2 shadows
  40 yaks
  Sigmund (D:2)
  3 wyverns
  2 wraiths (D:13)
  A vampire (D:10)
  14 redbacks
  A water elemental (Shoals:1)
  3 basilisks
  A steam dragon (Lair:7)
  2 hungry ghosts
  7 hippogriffs
  2 wargs (Orc:2)
  2 mottled dragons (D:11)
  12 water moccasins
  7 porcupines
  An ice beast (D:5)
  7 sky beasts
  2 wasps
  14 ogres
  39 orc warriors
  29 centaurs
  4 necrophages
  2 phantoms
  10 wolves
  12 crocodiles
  Blork the orc (Orc:1)
  6 big kobolds
  10 giant frogs
  A gnoll sergeant (D:12)
  4 scorpions
  A wyvern skeleton (D:7)
  23 killer bees
  7 howler monkeys
  12 wights
  4 electric eels
  5 crimson imps
  3 centaur zombies
  3 giant frog zombies
  Crazy Yiuf (D:4)
  A giant frog skeleton (D:7)
  10 hounds
  7 jellies
  17 orc priests
  Terence (D:3)
  40 orc wizards
  8 iguanas
  13 worker ants
  7 sheep (Lair:6)
  4 hound skeletons
  2 worker ant zombies
  8 gnolls
  A howler monkey skeleton (D:5)
  10 adders
  58 river rats
  9 shadow imps
  3 oozes
  An adder zombie (D:7)
  5 worms
  2 dart slugs
  4 giant geckos
  125 orcs
  2 ball pythons
  10 giant cockroaches
  14 goblins
  3 hobgoblins
  5 jackals
  2 quokkas
  6 bats
  A giant gecko skeleton (D:5)
  7 giant newts
  21 kobolds
  A quokka skeleton (D:7)
  10 rats
  A tentacle (Shoals:1)
954 creatures vanquished.

Vanquished Creatures (collateral kills)
  2 death yaks (Lair:6)
2 creatures vanquished.

Vanquished Creatures (others)
  An unseen horror (D:15)
  A hornet (Spider:2)
  A yaktaur (D:14)
  2 jumping spiders (Spider:2)
  An orc priest (D:15)
  3 orc wizards
  A gnoll (D:12)
  2 orcs
  5 fungi
  2 plants
  4 tentacles (Shoals:1)
  68 tentacle segments (Shoals:1)
91 creatures vanquished.

Grand Total: 1047 creatures vanquished

Notes
Turn   | Place    | Note
--------------------------------------------------------------
     0 | D:1      | Kloppie the Gargoyle Fighter began the quest for the Orb.
     0 | D:1      | Reached XP level 1. HP: 14/14 MP: 1/1
    86 | D:1      | Reached XP level 2. HP: 10/19 MP: 2/2
   534 | D:2      | Reached XP level 3. HP: 21/23 MP: 3/3
   560 | D:2      | Reached skill level 3 in Maces & Flails
   766 | D:2      | Reached XP level 4. HP: 21/28 MP: 4/4
  1032 | D:2      | Found a glowing golden altar of the Shining One.
  1208 | D:2      | Noticed Sigmund
  1227 | D:2      | Killed Sigmund
  1227 | D:2      | Reached skill level 4 in Maces & Flails
  1227 | D:2      | Reached skill level 5 in Shields
  1227 | D:2      | Reached XP level 5. HP: 12/32 MP: 5/5
  1227 | D:2      | Reached XP level 6. HP: 13/37 MP: 6/6
  1263 | D:2      | Noticed a moth of wrath
  1265 | D:2      | Found a bloodstained altar of Trog.
  1362 | D:3      | Noticed Terence
  1370 | D:3      | Killed Terence
  1397 | D:3      | Found a snail-covered altar of Cheibriados.
  1670 | D:3      | Found a white marble altar of Elyvilon.
  1670 | D:3      | Found an opulent altar of Gozag.
  1807 | D:3      | Found a sparkling altar of Nemelex Xobeh.
  1810 | D:3      | Found a radiant altar of Vehumet.
  1812 | D:3      | Found an iron altar of Okawaru.
  2021 | D:4      | Found Wasuilyu's Magic Scroll Emporium.
  2032 | D:4      | Bought a scroll of identify for 20 gold pieces
  2032 | D:4      | Bought a scroll of remove curse for 30 gold pieces
  2032 | D:4      | Bought a scroll of teleportation for 30 gold pieces
  2050 | D:4      | Reached skill level 5 in Maces & Flails
  2129 | D:4      | Reached XP level 7. HP: 29/41 MP: 7/7
  2142 | D:4      | Noticed Crazy Yiuf
  2169 | D:4      | Killed Crazy Yiuf
  2796 | D:4      | Found a deep blue altar of Sif Muna.
  3076 | D:5      | Entered Level 5 of the Dungeon
  3110 | D:5      | Found a snail-covered altar of Cheibriados.
  3244 | D:5      | Reached skill level 6 in Maces & Flails
  3576 | D:5      | Reached skill level 5 in Armour
  3576 | D:5      | Reached XP level 8. HP: 40/46 MP: 8/8
  3917 | D:5      | Found Korhaelu's General Store.
  4015 | D:5      | Reached skill level 7 in Maces & Flails
  4099 | D:6      | Found a staircase to the Ecumenical Temple.
  4108 | Temple   | Entered the Ecumenical Temple
  4192 | Temple   | Became a worshipper of Makhleb the Destroyer
  4523 | D:6      | Reached skill level 5 in Fighting
  5000 | D:7      | Found an oddly glowing altar of Pakellas.
  5061 | D:7      | Reached skill level 8 in Maces & Flails
  5061 | D:7      | Reached XP level 9. HP: 33/54 MP: 9/9
  5079 | D:7      | Found a glowing silver altar of Zin.
  5079 | D:7      | Found a shimmering altar of Xom.
  5079 | D:7      | Noticed an angel
  5218 | D:7      | Reached * piety under Makhleb
  5616 | D:8      | Noticed a two-headed ogre
  5624 | D:8      | Killed a two-headed ogre
  5712 | D:8      | You fall through a shaft for 2 floors!
  5712 | D:10     | Entered Level 10 of the Dungeon
  5725 | D:10     | Reached skill level 9 in Maces & Flails
  6327 | D:10     | Killed an unseen horror
  6327 | D:10     | Reached skill level 10 in Maces & Flails
  6327 | D:10     | Reached XP level 10. HP: 32/61 MP: 10/10
  6377 | D:10     | Noticed a hill giant
  6377 | D:10     | Reached ** piety under Makhleb
  6391 | D:10     | Killed a hill giant
  7088 | D:9      | Found a staircase to the Lair.
  7177 | D:9      | Reached skill level 10 in Shields
  7296 | D:9      | Identified a scroll of acquirement
  7613 | D:9      | Reached skill level 11 in Maces & Flails
  7843 | D:8      | Reached *** piety under Makhleb
  7977 | D:8      | Found a shattered altar of Ashenzari.
  8133 | D:8      | Found a blossoming altar of Fedhas.
  8379 | Lair:1   | Entered Level 1 of the Lair of Beasts
  8385 | Lair:1   | You fall through a shaft!
  8544 | Lair:1   | Noticed a black mamba
  8555 | Lair:1   | Killed a black mamba
  8555 | Lair:1   | Reached XP level 11. HP: 41/65 MP: 11/11
  8843 | Lair:1   | Reached skill level 12 in Maces & Flails
  8846 | Lair:1   | Reached **** piety under Makhleb
  9135 | Lair:1   | Noticed an eight-headed hydra
  9149 | Lair:1   | Killed an eight-headed hydra
  9459 | Lair:2   | Noticed a griffon
  9489 | Lair:2   | Killed a griffon
 10149 | Lair:3   | Noticed Dioneo's ghost (journeyman HuAK)
 10165 | Lair:3   | Killed Dioneo's ghost
 10263 | Lair:3   | Reached skill level 13 in Maces & Flails
 10282 | Lair:3   | Reached ***** piety under Makhleb
 10668 | Lair:3   | Reached XP level 12. HP: 44/73 MP: 12/12
 11068 | Lair:4   | Noticed Snorg
 11117 | Lair:4   | Killed Snorg
 11321 | Lair:4   | Found a staircase to the Shoals.
 12038 | Lair:5   | Found a hole to the Spider Nest.
 12161 | Lair:5   | Reached skill level 14 in Maces & Flails
 12400 | Lair:6   | Reached skill level 1 in Invocations
 12486 | Lair:6   | Noticed a six-headed hydra
 12496 | Lair:6   | Killed a six-headed hydra
 12844 | Lair:6   | Noticed a catoblepas
 12876 | Lair:6   | Killed a catoblepas
 13455 | Lair:6   | Noticed a catoblepas
 13492 | Lair:6   | Killed a catoblepas
 13492 | Lair:6   | Reached XP level 13. HP: 41/80 MP: 16/16
 14027 | Lair:6   | Reached skill level 10 in Fighting
 14182 | Lair:7   | Reached ****** piety under Makhleb
 17270 | D:12     | Noticed Nessos
 17290 | D:12     | Killed Nessos
 17361 | D:12     | Found a shimmering altar of Xom.
 17361 | D:12     | Found a shimmering altar of Xom.
 17365 | D:12     | Found a shimmering altar of Xom.
 17365 | D:12     | Found a shimmering altar of Xom.
 17365 | D:12     | Found a shimmering altar of Xom.
 17366 | D:12     | Found a shimmering altar of Xom.
 17366 | D:12     | Found a shimmering altar of Xom.
 17367 | D:12     | Found a shimmering altar of Xom.
 17367 | D:12     | Found a shimmering altar of Xom.
 17368 | D:12     | Found a shimmering altar of Xom.
 17393 | D:12     | Reached skill level 15 in Shields
 17486 | D:12     | Reached skill level 1 in Evocations
 17663 | D:12     | Reached skill level 5 in Invocations
 17716 | D:12     | Gained mutation: Your large and strong wings let you fly indefinitely. [Gargoyle growth]
 17716 | D:12     | Reached XP level 14. HP: 90/90 MP: 17/17
 17987 | D:12     | Found a staircase to the Orcish Mines.
 18305 | D:12     | Noticed a frost giant
 18306 | D:12     | Noticed a purple draconian
 18415 | Orc:1    | Entered Level 1 of the Orcish Mines
 18477 | Orc:1    | Noticed Urug
 18493 | Orc:1    | Killed Urug
 18524 | Orc:1    | Found a flagged portal.
 18692 | Bailey   | Entered a bailey
 18704 | Bailey   | Noticed Timinator's ghost (novice GrCj)
 18716 | Bailey   | Killed Timinator's ghost
 19243 | Orc:1    | Noticed Blork the orc
 19252 | Orc:1    | Killed Blork the orc
 19283 | Orc:1    | Reached skill level 5 in Evocations
 19680 | D:12     | Noticed an azure jelly
 20049 | Lair:8   | Entered Level 8 of the Lair of Beasts
 20229 | Lair:8   | Found a staircase to the Slime Pits.
 20322 | Lair:8   | Reached skill level 15 in Maces & Flails
 20736 | Lair:8   | Identified the Guide on Damaging Sinister Rituals
 20924 | Lair:8   | Noticed Rupert
 20963 | Lair:8   | Killed Rupert
 21118 | Lair:8   | Reached XP level 15. HP: 74/94 MP: 19/19
 21328 | Spider:1 | Entered Level 1 of the Spider Nest
 21342 | Spider:1 | Reached skill level 10 in Armour
 21487 | Spider:1 | Noticed an emperor scorpion
 21684 | Lair:5   | Killed an emperor scorpion
 21855 | Spider:1 | Reached skill level 16 in Maces & Flails
 21896 | Spider:1 | Killed a ghost moth
 22997 | Spider:2 | Noticed Ge0ff's ghost (adept TrMo)
 23072 | Spider:2 | Killed Ge0ff's ghost
 24410 | Lair:5   | Identified a +0 rod of ignition (11/11) (You found it on level 1 of the Spider Nest)
 24660 | Orc:2    | Entered Level 2 of the Orcish Mines
 24993 | Orc:2    | Found a staircase to the Elven Halls.
 25112 | Orc:2    | Found Wutof's Antique Armour Boutique.
 25177 | Orc:2    | Found an ancient bone altar of Kikubaaqudgha.
 25245 | Orc:2    | Found Moleikak's Magic Scroll Shop.
 25250 | Orc:2    | Paralysed by an orc sorcerer for 5 turns
 25257 | Orc:2    | Noticed Erolcha
 25288 | Orc:2    | Killed Erolcha
 25288 | Orc:2    | Reached XP level 16. HP: 72/103 MP: 20/20
 25298 | Orc:2    | Found a radiant altar of Vehumet.
 25306 | Orc:2    | Found a roughly hewn altar of Beogh.
 25306 | Orc:2    | Found Ziffurud's Book Shop.
 25322 | Orc:2    | Found Maol's Book Boutique.
 26931 | D:14     | Identified the Papyrus of the Lucky Glacier
 27008 | D:14     | Found a gate to the Vaults.
 27075 | D:15     | Entered Level 15 of the Dungeon
 27627 | D:15     | Noticed Roxanne
 27754 | D:15     | Found a staircase to the Depths.
 27784 | D:15     | Found a white marble altar of Elyvilon.
 28203 | D:12     | Noticed a quicksilver dragon
 28203 | D:12     | an alligator snapping turtle changed into a quicksilver dragon
 28503 | Shoals:1 | Entered Level 1 of the Shoals
 28514 | Shoals:1 | Reached skill level 15 in Fighting
 28562 | Shoals:1 | Noticed a kraken
 28588 | Shoals:1 | Killed a kraken
 28588 | Shoals:1 | Reached XP level 17. HP: 87/113 MP: 7/21
 28677 | Shoals:1 | Found Zech's Antique Armour Shop.
 28688 | Shoals:1 | Bought a pair of runed gloves for 193 gold pieces
 28790 | Shoals:1 | Noticed a kraken
 28806 | Shoals:1 | Demolished by a kraken

Skill      XL: |  1  2  3  4  5  6  7  8  9 10 11 12 13 14 15 16 |
---------------+-------------------------------------------------+-----
Shields        | 4 5 6 8 10 11 13 15 | 15.0
Maces & Flails | 3 4 5 6 8 10 11 13 14 15 16 | 16.1
Armour         | 5 6 7 9 12 14 | 14.9
Fighting       | 5 6 7 9 11 12 15 | 15.3
Invocations    | 4 5 |  5.6
Evocations     | 2 5 |  5.9

Action                   |  1- 3 |  4- 6 |  7- 9 | 10-12 | 13-15 | 16-18 || total
-------------------------+-------+-------+-------+-------+-------+-------++-------
Melee: Flail             |   164 |   251 |   559 |  1204 |   157 |       ||  2335
       Eveningstar       |       |       |       |       |  1850 |   826 ||  2676
       Morningstar       |       |       |       |       |   120 |       ||   120
Invok: Lesser Servant of |       |       |       |       |     3 |       ||     3
       Major Destruction |       |       |       |       |     4 |       ||     4
 Abil: Fly               |       |       |       |       |     3 |     1 ||     4
       Stop Flying       |       |       |       |       |     3 |       ||     3
Evoke: Wand              |       |       |       |       |     7 |     3 ||    10
  Use: Potion            |       |     1 |     3 |     6 |     5 |       ||    15
       Scroll            |       |       |    14 |     7 |    13 |     5 ||    39
 Stab: Invisible         |       |       |       |       |     6 |       ||     6
  Eat: Chunk             |       |     5 |    20 |    32 |    43 |     4 ||   104
       Meat ration       |       |       |     3 |       |       |       ||     3
       Pizza             |       |       |     1 |       |       |       ||     1
Armor: Scale mail        |    95 |   151 |       |       |       |       ||   246
       Chain mail        |       |    35 |   347 |    31 |       |       ||   413
       Plate armour      |       |       |       |   586 |  1437 |   679 ||  2702
       Skin              |       |       |       |     2 |       |       ||     2
Dodge: Dodged            |    52 |    95 |    87 |   144 |   474 |   188 ||  1040
Block: Shield            |    79 |   190 |   277 |   614 |  1510 |   687 ||  3357
